 Dungeon Crawl Stone Soup version 0.23-a0-295-g2e428d4 (webtiles) character file.

801 Ijustatesigmund the Conjurer (level 7, 0/46 HPs)
             Began as an Octopode Wizard on Oct 4, 2018.
             Was a Follower of Cheibriados.
             Slain by a centaur skeleton (1 damage)
             ... on level 5 of the Dungeon.
             The game lasted 00:16:31 (7531 turns).

Ijustatesigmund the Conjurer (Octopode Wizard)      Turns: 7531, Time: 00:16:33

Health: 0/46       AC:  4    Str: 15    XL:     7   Next: 90%
Magic:  9/11       EV: 20    Int: 22    God:    Cheibriados [*.....]
Gold:   246        SH:  0    Dex: 20    Spells: 6/12 levels left

rFire    . . .     SeeInvis .   d - +1 flail
rCold    . . .     Gourm    .   (no shield)
rNeg     . . .     Faith    .   a - +2 hat
rPois    .         Spirit   .   (no amulet)
rElec    .         Reflect  .   f - +6 ring of strength
rCorr    .         Harm     .   (no ring)
MR       .....                  (no ring)
Stlth    +++++.....             (no ring)
HPRegen  0.15/turn              (no ring)
MPRegen  0.12/turn              (no ring)
                                (no ring)
                                (no ring)

@: agile, about to teleport, very slow
A: almost no armour, stealthy swim, amphibious, 8 rings, constrict 8, rugged
brown scales 1, camouflage 1, dopey 1, gelatinous body 1
a: Bend Time, Renounce Religion


You were on level 5 of the Dungeon.
You worshipped Cheibriados.
Cheibriados was aware of your devotion.
You were not hungry.

You visited 2 branches of the dungeon, and saw 6 of its levels.

You collected 246 gold pieces.

Inventory:

Hand Weapons
 d - a +1 flail (weapon)
Armour
 a - a +2 hat (worn)
Jewellery
 f - a +6 ring of strength (left tentacle)
Wands
 m - a wand of iceblast (6)
Scrolls
 b - a scroll of remove curse
 e - 2 scrolls of immolation
 g - a scroll of teleportation
 k - 2 scrolls of fog
 o - 2 scrolls of enchant armour
Potions
 j - a potion of ambrosia
 l - a potion of curing
Comestibles
 c - 6 rations


   Skills:
 - Level 2.5 Fighting
 + Level 3.1 Maces & Flails
 - Level 3.5 Dodging
 - Level 2.6 Stealth
 - Level 3.0 Spellcasting
 + Level 3.6 Conjurations
   Level 1.0 Summonings
 - Level 2.3 Translocations
 - Level 3.1 Fire Magic
 + Level 3.5 Invocations


You had 6 spell levels left.
You knew the following spells:

 Your Spells              Type           Power        Failure   Level  Hunger
a - Magic Dart            Conj           ###.         2%          1    None
b - Blink                 Tloc           N/A          8%          2    ##.....
c - Conjure Flame         Conj/Fire      ###.....     9%          3    ###....

Your spell library contained the following spells:

 Spells                   Type           Power        Failure   Level  Hunger
 Call Imp                 Summ           #.......     12%         2    ##.....
 Slow                     Hex            #.......     19%         2    ##.....
 Mephitic Cloud           Conj/Pois/Air  #.......     22%         3    ###....


Dungeon Overview and Level Annotations

Branches:
Dungeon (5/15)             Temple (1/1) D:4

Altars:
Cheibriados
Elyvilon
Fedhas
Gozag
Hepliaklqana
Kikubaaqudgha
Makhleb
Nemelex Xobeh
Okawaru
Qazlal
Ru
Trog
Uskayaw
Vehumet
Wu Jian
Xom
Zin


Innate Abilities, Weirdness & Mutations

You cannot wear most types of armour.
You are very stealthy in the water. (Stealth+)
You are amphibious.
You can wear up to eight rings at the same time.
You can use your tentacles to constrict eight enemies at once.
Your skin changes colour to match your surroundings (Stealth+).
Your rubbery body absorbs attacks. (AC +1, EV +1)
You are partially covered in rugged brown scales. (AC +1, +3% HP)
You are dopey. (Int -2)


Message History

A centaur skeleton comes into view.
The centaur skeleton hits you but does no damage.
Found a robe, 2 throwing nets and 7 curare-tipped needles.
As you read the scroll of teleportation, it crumbles to dust.
You feel strangely unstable. The centaur skeleton barely misses you.
The centaur skeleton hits you but does no damage.
Something hits you.
* * * LOW HITPOINT WARNING * * *
Something shocks you.
* * * LOW HITPOINT WARNING * * *
You sock something!
The centaur skeleton completely misses you.
Something hits you.
* * * LOW HITPOINT WARNING * * *
Something shocks you.
* * * LOW HITPOINT WARNING * * *
You barely miss something. You squeeze something!
The centaur skeleton barely misses you. Something closely misses you.
The centaur skeleton hits you.
You die...

#. #........#.........'.. ##.#
#........#.........###
....#####........#.....#......
...........###########.#.#....
........##.# #########.#.#.#..
........##.# #...(..##.#.#....
.........#.# #......##.#.#...#
....####.#.###...[..##.#<#....
##+#........{@Z.....##.#.#..#.
#$###.#.###.#######.#.##.#.
..#...#.# ##.#.#..#. ... #.#.#
#.......#. #### .#.#
#..#.####. #(# #..#....'. #.#
#..######. #.# #..# #. #.#
#..# #.


You could see a centaur skeleton.

Vanquished Creatures
  A sky beast (D:4)
  4 ogres
  A bullfrog (D:4)
  A hound (D:4)
  2 orc wizards (D:5)
  A hound skeleton (D:4)
  A gnoll (D:1)
  9 adders
  3 oozes
  2 adder skeletons (D:4)
  3 worms
  5 leopard geckos
  7 orcs
  2 ball pythons
  4 giant cockroaches
  9 goblins
  7 hobgoblins
  4 jackals (D:5)
  A quokka (D:2)
  12 bats
  8 frilled lizards
  11 kobolds
  A leopard gecko skeleton (D:4)
  A quokka zombie (D:5)
  8 rats
108 creatures vanquished.

Notes
Turn   | Place    | Note
-------+----------+-------------------------------------------
     0 | D:1      | Ijustatesigmund the Octopode Wizard began the quest for the
                  | Orb.
     0 | D:1      | Reached XP level 1. HP: 11/11 MP: 4/4
    24 | D:1      | Reached XP level 2. HP: 17/17 MP: 0/6
   285 | D:1      | Learned a level 2 spell: Blink
   782 | D:1      | Reached XP level 3. HP: 21/21 MP: 5/7
   936 | D:1      | Learned a level 3 spell: Conjure Flame
  2149 | D:2      | Reached skill level 1 in Fire Magic
  2156 | D:2      | Reached XP level 4. HP: 27/27 MP: 1/8
  3185 | D:3      | Reached XP level 5. HP: 25/32 MP: 3/9
  3615 | D:3      | Reached skill level 1 in Fighting
  4154 | D:4      | Found a staircase to the Ecumenical Temple.
  4154 | D:4      | Noticed an ogre
  4165 | D:4      | Killed an ogre
  4165 | D:4      | Reached XP level 6. HP: 41/41 MP: 1/10
  4252 | Temple   | Entered the Ecumenical Temple
  4712 | Temple   | Became a worshipper of Cheibriados the Contemplative
  4791 | D:4      | Reached skill level 1 in Maces & Flails
  4791 | D:4      | Reached skill level 1 in Invocations
  4804 | D:4      | Reached XP level 7. HP: 38/45 MP: 0/11
  5622 | D:4      | Reached * piety under Cheibriados
  5744 | D:5      | Entered Level 5 of the Dungeon
  6242 | D:5      | Gained mutation: You are frail. (-10% HP) [potion of
                  | mutation]
  6242 | D:5      | Lost mutation: You are frail. (-10% HP) [potion of
                  | mutation]
  6242 | D:5      | Gained mutation: You are dopey. (Int -2) [potion of
                  | mutation]
  6242 | D:5      | Gained mutation: You are partially covered in rugged brown
                  | scales. (AC +1, +3% HP) [potion of mutation]
  7157 | D:5      | Found an opulent altar of Gozag.
  7158 | D:5      | Found a sparkling altar of Nemelex Xobeh.
  7158 | D:5      | Found a bloodstained altar of Trog.
  7530 | D:5      | HP: 1/46 [something (5)]
  7531 | D:5      | Slain by a centaur skeleton

Vault maps used:
D:1:      lemuel_arrival_cross, serial_park_tiny_1
D:3:      first_ration
D:4:      minmay_temple_entry_junction
D:5:      nicolae_overflow_quartered_altars
Temple:   eino_temple_water

Skill      XL: |  1  2  3  4  5  6  7 |
---------------+----------------------+-----
Conjurations   | 2 3 |  3.6
Fire Magic     | 1 3 |  3.1
Translocations | 2 |  2.3
Fighting       | 2 |  2.5
Maces & Flails | 2 3 |  3.1
Invocations    | 2 3 |  3.5
Dodging        | 3 |  3.5
Stealth        | |  2.6
Spellcasting   | |  3.0
Summonings     | |  1.0

Action                   |  1- 3 |  4- 6 |  7- 9 || total
-------------------------+-------+-------+-------++-------
Melee: Unarmed           |    14 |       |       ||    14
       Tentacles         |     5 |     3 |     9 ||    17
       Constrict         |     5 |     3 |     5 ||    13
       Short sword       |     4 |     3 |       ||     7
       Flail             |       |     4 |    33 ||    37
 Cast: Magic Dart        |    72 |   107 |   105 ||   284
       Conjure Flame     |       |     1 |       ||     1
       Blink             |       |     1 |     2 ||     3
Evoke: Wand              |       |     5 |       ||     5
  Use: Scroll            |     3 |     8 |    10 ||    21
       Potion            |       |       |     4 ||     4
 Stab: Sleeping          |       |       |     1 ||     1
  Eat: Chunk             |     4 |     6 |     1 ||    11
       Ration            |       |     1 |     1 ||     2
Armor: Skin              |     2 |     3 |    18 ||    23
Dodge: Dodged            |    22 |    22 |    47 ||    91

Table legend:
 A = Non-vault XP
 B = Vault XP
 C = Vault XP percentage of total XP
 D = Non-vault monster count
 E = Vault monster count
 F = Vault count percentage of total count
                 A         B        C        D         E       F
            +---------+---------+-------+---------+---------+-------
      Total |    1145 |       0 |   0.0 |     108 |       0 |   0.0
            +---------+---------+-------+---------+---------+-------
        D:1 |      61 |       0 |   0.0 |      24 |       0 |   0.0
        D:2 |      76 |       0 |   0.0 |      29 |       0 |   0.0
        D:3 |      52 |       0 |   0.0 |      16 |       0 |   0.0
        D:4 |     693 |       0 |   0.0 |      21 |       0 |   0.0
        D:5 |     263 |       0 |   0.0 |      18 |       0 |   0.0
            +---------+---------+-------+---------+---------+-------
